 Dungeon Crawl Stone Soup version 0.18.1-50-g88ac8fd (webtiles) character file.

43 Nosferatu13666 the Caller (level 3, -2/19 HPs)
             Began as a Deep Elf Summoner on Oct 14, 2016.
             Slain by a gnoll
             ... wielding a +0 spear
              (7 damage)
             ... on level 2 of the Dungeon.
             The game lasted 00:08:13 (974 turns).

Nosferatu13666 the Caller (Deep Elf Summoner)        Turns: 974, Time: 00:08:14

Health: -2/19      AC:  2    Str:  5    XL:     3   Next: 37%
Magic:  0/10       EV: 13    Int: 20    God:
Gold:   76         SH:  0    Dex: 15    Spells: 2 memorised, 6 levels left

rFire  . . .     SeeInvis .     e - +2 dagger (flame)
rCold  . . .     Gourm    .     a - +0 robe
rNeg   . . .     Faith    .     (no shield)
rPois  .         Spirit   .     (no helmet)
rElec  .         Dismiss  .     (no cloak)
rCorr  .         Reflect  .     (no gloves)
SustAt .         Harm     .     (no boots)
MR     .....                    (no amulet)
Stlth  ++........               (no ring)
                                (no ring)

@: not resistant to hostile enchantments, unstealthy
A: no striking features
a: no special abilities


You were on level 2 of the Dungeon.
You were not hungry.

You visited 1 branch of the dungeon, and saw 2 of its levels.

You collected 76 gold pieces.

Inventory:

Hand Weapons
 d - a +1 dagger of protection
 e - a +2 dagger of flaming (weapon)
Armour
 a - a +0 robe (worn)
Jewellery
 g - an uncursed ring of stealth {unknown}
Scrolls
 j - a scroll of remove curse {unknown}
Potions
 h - a potion of brilliance {unknown}
 i - a potion of mutation {unknown}
Books
 b - a book of Callings

   Spells                             Type                      Level
   a - Summon Small Mammal            Summoning                    1
   b - Call Imp                       Summoning                    2
   c - Call Canine Familiar           Summoning                    3
   d - Summon Guardian Golem          Hexes/Summoning              3
   e - Summon Lightning Spire         Summoning/Air                4
   f - Summon Ice Beast               Ice/Summoning                4
Comestibles
 c - a bread ration
 f - a beef jerky


   Skills:
 * Level 0.4 Short Blades
 + Level 2.8 Dodging
 + Level 2.5 Stealth
 + Level 3.9 Spellcasting
 + Level 5.0 Summonings


You had 6 spell levels left.
You knew the following spells:

 Your Spells              Type           Power        Failure   Level  Hunger
a - Summon Small Mammal   Summ           ###.         1%          1    None
b - Call Imp              Summ           ###.....     2%          2    ##.....


Dungeon Overview and Level Annotations

Branches:
Dungeon (2/15)

Altars:
Okawaru
Trog


Message History

w - Wait here. f - Follow me.
Anything else - Stay silent.
Gang up on whom?
Press: ? - help, Dir - move target cursor, f/p - gnoll
Aim: a gnoll, wielding a spear (moderately wounded) Attack!
You hear a shout!
Your bat hits the gnoll but does no damage.
The gnoll hits you from afar with a spear!
Ouch! That really hurt!
* * * LOW HITPOINT WARNING * * *
Your rat closely misses the gnoll.
Your bat hits the gnoll but does no damage.
Your rat bites the gnoll.
Your bat closely misses the gnoll.
Casting: Summon Small Mammal
Confirm with . or Enter, or press ? or * to list all spells.
Your bat hits the gnoll but does no damage.
The gnoll hits you from afar with a spear!
You die...

#.# #.### #.#
#..># #.# #.#
#.# #.# #.# #.#
..# #.# #<# ###
#.# #.# # ##.##
#.# #
#.####...###.##
..## ##
#.........@...#
.._# .#
####..b###g.####
...# .# ##.##
#.†#..# ..8#
.#.# #.# #.rb.b#
#>## ##.# ##.#
#.##..#######
##.# ####..#
#>##.....#.#.#
##.######....###
#.......(....#
##.............#
#......#######
##..#####.##.#.#
##.##..#######


You could see a gnoll and 2 friendly bats.

Vanquished Creatures
  A giant cockroach (D:1)
  A goblin (D:2)
  A quokka (D:2)
  A ball python (D:2)
  A bat (D:1)
  A kobold (D:1)
6 creatures vanquished.

Vanquished Creatures (collateral kills)
  3 gnolls (D:2)
  3 worms (D:2)
  A dart slug (D:1)
  3 giant geckos
  A giant cockroach (D:1)
  3 goblins (D:1)
  A hobgoblin (D:1)
  2 kobolds (D:1)
  2 bats (D:1)
  4 rats (D:2)
23 creatures vanquished.

Grand Total: 29 creatures vanquished

Notes
Turn   | Place    | Note
--------------------------------------------------------------
     0 | D:1      | Nosferatu13666 the Deep Elf Summoner began the quest for the Orb.
     0 | D:1      | Reached XP level 1. HP: 10/10 MP: 6/6
   416 | D:1      | Reached XP level 2. HP: 11/15 MP: 4/8
   611 | D:2      | Learned a level 2 spell: Call Imp
   638 | D:2      | Noticed a moth of wrath
   641 | D:2      | Found a bloodstained altar of Trog.
   914 | D:2      | Found an iron altar of Okawaru.
   932 | D:2      | Reached XP level 3. HP: 19/19 MP: 2/10
   938 | D:2      | Reached skill level 5 in Summonings
   974 | D:2      | Slain by a gnoll

Skill      XL: |  1  2  3 |
---------------+----------+-----
Summonings     | 5 |  5.0
Short Blades   | |  0.4
Dodging        | |  2.8
Stealth        | |  2.5
Spellcasting   | |  3.9

Action                   || total
-------------------------++-------
Melee: Dagger            ||    21
       Unarmed           ||     1
 Cast: Summon Small Mamm ||    37
       Call Imp          ||     7
 Stab: Sleeping          ||     2
Armor: Robe              ||     9
Dodge: Dodged            ||    28
